 Dungeon Crawl Stone Soup version 0.23.2-40-g277498a001 (webtiles) character file.

Game seed: 13798550596963574833

183 Curus the Agent of Entropy (level 5, -5/41 HPs)
             Began as a Demonspawn Abyssal Knight on Sept 28, 2019.
             Was a Priest of Lugonu.
             Killed by divine providence
             ... invoked by an orc priest
              (13 damage)
             ... on level 3 of the Dungeon.
             The game lasted 00:12:06 (1850 turns).

Curus the Agent of Entropy (DsAK)                   Turns: 1850, Time: 00:12:06

Health: -5/41      AC:  8    Str: 17    XL:     5   Next: 35%
Magic:  0/9        EV: 11    Int: 13    God:    Lugonu [***...]
Gold:   63         SH:  0    Dex: 13    Spells: 4/4 levels left

rFire    . . .     SeeInvis +   h - +0 trident
rCold    . . .     Gourm    .   (no shield)
rNeg     . . .     Faith    .   b - +2 leather armour
rPois    .         Spirit   +   (no helmet)
rElec    .         Reflect  .   (no cloak)
rCorr    .         Harm     .   i - +0 pair of gloves
MR       .....                  (no boots)
Stlth    +.........             e - amulet of guardian spirit
HPRegen  0.13/turn              d - ring of see invisible
MPRegen  0.11/turn              f - +4 ring of strength

@: no status effects
A: claws 1, slimy green scales 1, spiny 1
a: Depart the Abyss, Bend Space, Banish, Renounce Religion


You were on level 3 of the Dungeon.
You worshipped Lugonu.
Lugonu was most pleased with you.
You were not hungry.

You visited 1 branch of the dungeon, and saw 3 of its levels.
You visited the Abyss 1 time.

You collected 63 gold pieces.

Inventory:

Hand Weapons
 a - a +1 spear
 h - a +0 trident (weapon)
Armour
 b - a +2 leather armour (worn)
 i - a +0 pair of gloves (worn)
Jewellery
 d - a ring of see invisible (left hand)
 e - an amulet of guardian spirit (around neck)
 f - a +4 ring of strength (right hand)
Wands
 j - a wand of flame (23)
Scrolls
 g - a scroll of identify
Comestibles
 c - 11 rations
 k - a chunk of flesh


   Skills:
 - Level 3.0 Fighting
 - Level 3.0 Polearms
 - Level 1.7 Armour
 - Level 0.8 Dodging
 + Level 1.0 Unarmed Combat
 + Level 6.1 Invocations


You had 4 spell levels left.
You didn't know any spells.
Your spell library was empty.

Dungeon Overview and Level Annotations

Branches:
Dungeon (3/15)

Altars:


Innate Abilities, Weirdness & Mutations

You have sharp fingernails.
You are partially covered in slimy green scales. (AC +2)
You are partially covered in sharp spines.


Message History

The orc priest is severely wounded.
The orc is struck by your spines. The orc closely misses you.
The orc priest casts a cantrip, but nothing happens.
The orc completely misses you.
You hit the orc priest.
The orc priest is almost dead.
The orc is struck by your spines. The orc hits you with a +0 mace.
The orc priest invokes the aid of Beogh against you.
Beogh smites you!
* * * LOW HITPOINT WARNING * * *
The orc is struck by your spines.
You kill the orc!
Lugonu accepts your kill.
The orc priest miscasts a cantrip.
You hit the orc priest.
The orc priest is almost dead.
The orc barely misses you.
The orc priest mumbles some strange prayers to Beogh against you.
Beogh smites you!
You die...

,,,* *,* *,*,*#..,,,,,,,,,,,
,,,*******,* #.#.##.####***#.###
,,,,,,,,,,,** #.#.##.##.#####.#.#
,,,*******,,* #.#.##.##.....#.#.#
,,,*******,,* #.#.............#..
,,,,,,,,,,,,* #.#...†)#.(.....#..
***,*******,* #.#.#.)....#.......
***,*****##.###o#.#....#.#.......
,,,,,,,,,.....)o@..............>.
###.#****###.##).........#....#..
....#*******,,###.#..#.###....#..
.?#..,,,,,,,,,,...#..#...#....#).
#.#.##*******,###.#..#.#.#....#.†
.....,,,*,,,,,,......#........#.)
..#.#**,*.#***,*#.#..#.#.#.#..##.
..#.###....,,,,,#................
...........,,,,,#.#..[.#.#.#####.


You could see an orc priest and an orc.

Vanquished Creatures
  An orc wizard (D:3)
  Jessica (D:3)
  4 adders
  3 worms (D:2)
  2 dart slugs (D:3)
  2 leopard geckos
  7 orcs (D:3)
  6 giant cockroaches
  12 goblins
  11 hobgoblins
  2 quokkas (D:2)
  4 frilled lizards
  9 kobolds
  4 rats
68 creatures vanquished.

Notes
Turn   | Place    | Note
-------+----------+-------------------------------------------
     0 | Abyss:1  | Curus the Demonspawn Abyssal Knight began the quest for the
                  | Orb.
     0 | Abyss:1  | Reached XP level 1. HP: 18/18 MP: 2/2
     0 | Abyss:1  | Found a corrupted altar of Lugonu.
    20 | D:1      | Escaped the Abyss
    78 | D:1      | Reached skill level 3 in Invocations
   252 | D:1      | Gained mutation: You are partially covered in sharp spines.
                  | [demonic ancestry]
   252 | D:1      | Reached XP level 2. HP: 17/24 MP: 4/4
   860 | D:2      | Reached skill level 4 in Invocations
   884 | D:2      | Reached ** piety under Lugonu
   884 | D:2      | Gained mutation: You are partially covered in slimy green
                  | scales. (AC +2) [demonic ancestry]
   884 | D:2      | Reached XP level 3. HP: 18/29 MP: 3/6
  1296 | D:2      | Reached XP level 4. HP: 35/35 MP: 7/7
  1447 | D:3      | Reached skill level 5 in Invocations
  1449 | D:3      | Noticed an ogre
  1698 | D:3      | Noticed Jessica
  1702 | D:3      | Killed Jessica
  1799 | D:3      | Gained mutation: You have sharp fingernails. [demonic
                  | ancestry]
  1799 | D:3      | Reached XP level 5. HP: 35/41 MP: 9/9
  1821 | D:3      | Reached skill level 6 in Invocations
  1827 | D:3      | Reached *** piety under Lugonu
  1841 | D:3      | Reached skill level 1 in Unarmed Combat
  1850 | D:3      | Killed from afar by an orc priest

Skill      XL: |  1  2  3  4  5 |
---------------+----------------+-----
Invocations    | 3 4 5 6 |  6.1
Polearms       | 2 3 |  3.0
Unarmed Combat | 1 |  1.0
Fighting       | |  3.0
Armour         | |  1.7
Dodging        | |  0.8

Action                   |  1- 3 |  4- 6 || total
-------------------------+-------+-------++-------
Melee: Spear             |    85 |       ||    85
       Trident           |    46 |    68 ||   114
  Use: Scroll            |     5 |     1 ||     6
       Potion            |     3 |     2 ||     5
 Stab: Sleeping          |     2 |       ||     2
  Eat: Chunk             |     1 |     2 ||     3
Armor: Leather armour    |    28 |    14 ||    42
Dodge: Dodged            |    48 |    43 ||    91
